 Dungeon Crawl Stone Soup version 0.26-a0-40-gfe7b5d5a6f (webtiles) character file.

Game seed: 2029215637954293775, levelgen mode: deterministic

73 LSt the Vexing (level 4, -23/21 HPs)
             Began as a Spriggan Enchanter on June 1, 2020.
             Was an Initiate of Dithmenos.
             Killed from afar by a jackal (28 damage)
             ... with an exploding inner flame
             ... hexed by the player character
             ... on level 3 of the Dungeon.
             The game lasted 00:20:21 (3421 turns).

LSt the Vexing (Spriggan Enchanter)                 Turns: 3421, Time: 00:20:24

Health: -23/21     AC: 10    Str:  4    XL:     4   Next: 8%
Magic:  3/9        EV: 19    Int: 16    God:    Dithmenos [......]
Gold:   175        SH:  0    Dex: 17    Spells: 3/9 levels left

rFire    . . .     SeeInvis +   n - +1 dagger (protect)
rCold    . . .     Gourm    .   (shield restricted)
rNeg     . . .     Faith    .   b - +1 robe
rPois    .         Spirit   .   (helmet restricted)
rElec    .         Reflect  .   (no cloak)
rCorr    .         Harm     .   (gloves unavailable)
MR       .....                  (boots unavailable)
Stlth    +++.......             (no amulet)
HPRegen  0.07/turn              (no ring)
MPRegen  0.11/turn              (no ring)

@: protection aura, very quick
A: very small, unfitting armour, see invisible, herbivore, speed 3, slow
metabolism 2
a: Renounce Religion


You were on level 3 of the Dungeon.
You worshipped Dithmenos.
Dithmenos was noncommittal.
You were hungry.

You visited 1 branch of the dungeon, and saw 3 of its levels.

You collected 175 gold pieces.

Inventory:

Hand Weapons
 a - a +2 dagger
 f - a +0 mace
 j - a +0 short sword
 n - a +1 dagger of protection (weapon)
 o - a +1 whip of electrocution
Missiles
 e - 51 stones (quivered)
 g - 39 arrows
 q - a throwing net
 t - 6 poisoned darts
Armour
 b - a +1 robe (worn)
Scrolls
 k - 2 scrolls of identify
 m - a scroll of enchant armour
 v - 2 scrolls of remove curse
 w - a scroll of immolation
Potions
 c - 2 potions of degeneration {unknown}
 h - a potion of might
 i - a potion of berserk rage {unknown}
 s - a potion of ambrosia {unknown}
 x - a potion of curing {unknown}
Comestibles
 d - 6 rations


   Skills:
 + Level 2.1 Short Blades
 + Level 3.4 Dodging
 + Level 4.9 Stealth
 - Level 3.0 Spellcasting
 + Level 5.0 Hexes


You had 3 spell levels left.
You knew the following spells:

 Your Spells              Type           Power        Failure   Level  Hunger
a - Corona                Hex            ###....      2%          1    #......
b - Ensorcelled Hibernat  Hex/Ice        ##....       10%         2    ##.....
c - Confusing Touch       Hex            ###.....     7%          3    ###....

Your spell library contained the following spells:

 Spells                   Type           Power        Failure   Level  Hunger
 Tukima's Dance           Hex            ###.....     7%          3    ###....
 Dazzling Flash           Conj/Hex       ##....       21%         3    ###....


Dungeon Overview and Level Annotations

Branches:
Dungeon (3/15)

Altars:
Dithmenos
Yredelemnul

Annotations:
D:2 exclusion: adder


Innate Abilities, Weirdness & Mutations

You are very small and have problems with some larger weapons.
You are too small for most types of armour.
You have supernaturally acute eyesight. (SInv)
You are a herbivore.
You cover ground extremely quickly.
You need to consume almost no food.


Message History

The jackal bites you but does no damage.
The orc hits you but does no damage.
You hit the jackal but do no damage.
The jackal is almost dead.
The jackal bites you.
* * * LOW HITPOINT WARNING * * *
The jackal bites you but does no damage.
The orc barely misses you. The jackal closely misses you.
You closely miss the jackal.
The jackal is almost dead.
The jackal closely misses you.
The jackal bites you but does no damage.
The orc misses you. The jackal closely misses you.
You hit the jackal.
The jackal explodes!
The fiery explosion engulfs the jackal!!!
The jackal explodes!
The fiery explosion engulfs you!!
Ouch! That really hurt!
You die...

***** *.# #<..#...# *,*,,* ***
##.# #...#...# *,,,,, ,,*
#..########†..#...###.,*** ,,***
##.##..................,,,, ,,.,*
#...#..................,,,,
,,#.###...#.........).......#,,,,
..#.#......†######§§.#[..####,***
...)...........#§§h§.†...# *,,,,
.##.#.....<.##.#@#§..#...# *,***
,*#.##....#.##.#o#...#.#### *,*
,*#.........##.#o#........# *,*
,*####.#..####.#o#...#.##.# *,***
,****#.#..#**#.#.#..(#.#*,***,,,,
,,,,,..#.......#$....h,#*,*,,,***
,,,,..............#####,,,,,,,,*
****####.###.#.##.*****,,,*,,,,**
#.#*,?#,...,,,,,,,,,,,,,,,


You could see 3 orcs and a jackal (inner flame).

Vanquished Creatures
  An orc priest (D:3)
  A worm (D:2)
  A dart slug (D:1)
  A leopard gecko (D:3)
  4 bats
  2 giant cockroaches
  10 goblins
  2 hobgoblins (D:1)
  2 jackals (D:2)
  A quokka (D:3)
  5 frilled lizards
  5 kobolds
  4 rats
39 creatures vanquished.

Notes
Turn   | Place    | Note
-------+----------+-------------------------------------------
     0 | D:1      | LSt the Spriggan Enchanter began the quest for the Orb.
     0 | D:1      | Reached XP level 1. HP: 9/9 MP: 5/5
   233 | D:1      | Reached skill level 4 in Hexes
   398 | D:1      | Reached XP level 2. HP: 13/13 MP: 6/6
   407 | D:1      | Learned a level 2 spell: Ensorcelled Hibernation
  2478 | D:2      | Found a basalt altar of Yredelemnul.
  2567 | D:2      | Reached XP level 3. HP: 16/16 MP: 5/8
  2620 | D:1      | Learned a level 3 spell: Confusing Touch
  3196 | D:2      | Found a shadowy altar of Dithmenos.
  3205 | D:2      | Became a worshipper of Dithmenos the Shadowed
  3390 | D:3      | Reached skill level 5 in Hexes
  3390 | D:3      | Reached XP level 4. HP: 21/21 MP: 6/9
  3421 | D:3      | Killed from afar by a jackal

Illustrated notes

Levels and vault maps discovered:
D:1:      sevenhm_arrival_forest_fort_small_4, layout_basic
D:2:      layout_basic, lemuel_coloured_pillars_altar,
          nicolae_overflow_hidden_temple, first_ration, minmay_misc_feat_roman
D:3:      layout_loops_cross, chequers_mini_garden

Skill      XL: |  1  2  3 |
---------------+----------+-----
Hexes          | 4 5 |  5.0
Spellcasting   | 3 |  3.0
Short Blades   | 2 |  2.1
Dodging        | |  3.4
Stealth        | |  4.9

Action                   |  1- 3 |  4- 6 || total
-------------------------+-------+-------++-------
Melee: Dagger            |   164 |    21 ||   185
Throw: Stone             |     1 |       ||     1
 Cast: Ensorcelled Hiber |     6 |     3 ||     9
  Use: Scroll            |     3 |     6 ||     9
 Stab: Sleeping          |    18 |       ||    18
Armor: Robe              |    17 |    15 ||    32
Dodge: Dodged            |   110 |    61 ||   171

Table legend:
 A = Non-vault XP
 B = Vault XP
 C = Vault XP percentage of total XP
 D = Non-vault monster count
 E = Vault monster count
 F = Vault count percentage of total count
                 A         B        C        D         E       F
            +---------+---------+-------+---------+---------+-------
      Total |     105 |       0 |   0.0 |      39 |       0 |   0.0
            +---------+---------+-------+---------+---------+-------
        D:1 |      34 |       0 |   0.0 |      20 |       0 |   0.0
        D:2 |      23 |       0 |   0.0 |      13 |       0 |   0.0
        D:3 |      48 |       0 |   0.0 |       6 |       0 |   0.0
            +---------+---------+-------+---------+---------+-------
